 Dungeon Crawl Stone Soup version 0.22.1-2-g9c5b331383 (webtiles) character file.

2736 Gargoyl the Chopper (level 9, -3/74 HPs)
             Began as a Centaur Abyssal Knight on Dec 9, 2018.
             Was an Elder of Lugonu.
             Splashed by Psyche's acid (12 damage)
             ... on level 8 of the Dungeon.
             The game lasted 00:13:33 (9022 turns).

Gargoyl the Chopper (Centaur Abyssal Knight)        Turns: 9022, Time: 00:13:34

Health: -3/74      AC: 21    Str: 16    XL:     9   Next: 40%
Magic:  13/13      EV:  3    Int: 11    God:    Lugonu [****..]
Gold:   518        SH:  0    Dex: 11    Spells: 8/8 levels left

rFire    . . .     SeeInvis .   n - +1 broad axe
rCold    . . .     Gourm    .   (no shield)
rNeg     . . .     Faith    .   d - +10 plate armour {ponderous}
rPois    .         Spirit   .   (no helmet)
rElec    .         Reflect  .   l - +2 cloak
rCorr    .         Harm     .   r - +0 pair of gloves
MR       .....                  (no barding)
Stlth    ..........             v - amulet of rage
HPRegen  0.22/turn              (no ring)
MPRegen  0.13/turn              (no ring)

@: lethally poisoned (-3 -> -7), corroded, quick
A: large, hooves 3, deformed body, speed 2, tough skin 3
a: Depart the Abyss, Bend Space, Banish, Corrupt, Renounce Religion, Evoke
Berserk Rage


You were on level 8 of the Dungeon.
You worshipped Lugonu.
Lugonu was greatly pleased with you.
You were near starving.

You visited 1 branch of the dungeon, and saw 9 of its levels.
You visited the Abyss 1 time.

You collected 574 gold pieces.
You spent 56 gold pieces at shops.

Inventory:

Hand Weapons
 a - a +1 hand axe
 n - a +1 broad axe (weapon)
 q - a +0 war axe
Armour
 d - a +10 plate armour of ponderousness (worn)
 l - a +2 cloak (worn)
 r - a +0 pair of gloves (worn)
Jewellery
 v - an amulet of rage (around neck)
Wands
 p - a wand of disintegration (10)
 s - a wand of flame (15)
 x - a wand of acid (3)
Scrolls
 h - 5 scrolls of identify
 j - 4 scrolls of remove curse
 o - a scroll of enchant weapon
 t - a scroll of fear
 u - 3 scrolls of teleportation
Potions
 b - a potion of ambrosia {unknown}
 e - 3 potions of brilliance {unknown}
 f - a potion of might {unknown}
 g - 5 potions of curing {unknown}
 i - 3 potions of heal wounds {unknown}
 k - 3 potions of lignification {unknown}
 m - a potion of degeneration {unknown}
 w - a potion of agility {unknown}
 z - a potion of invisibility
Comestibles
 c - 12 rations


   Skills:
 + Level 5.6 Fighting
 + Level 6.9 Axes
 * Level 6.0 Armour
 + Level 0.9 Dodging
 * Level 6.5 Invocations
 + Level 0.1 Evocations


You had 8 spell levels left.
You didn't know any spells.
Your spell library contained the following spells:

 Spells                   Type           Power        Failure   Level  Hunger
 Animate Skeleton         Necr           N/A          100%        1    ##.....
 Apportation              Tloc           #.....       100%        1    ##.....
 Pain                     Necr           #...         100%        1    ##.....
 Regeneration             Chrm/Necr      #.........   100%        3    ####...
 Vampiric Draining        Necr           #.........   100%        3    ####...
 Animate Dead             Necr           N/A          100%        4    #####..


Dungeon Overview and Level Annotations

Branches:
Dungeon (9/15)             Temple (0/1) D:7
   Lair: D:8-11         Orc: D:9-12

Altars:
Cheibriados
Gozag
Kikubaaqudgha
Makhleb
Nemelex Xobeh
Qazlal
Sif Muna
Vehumet

Shops:
D:4 *(   D:6 (   D:8 %

Annotations:
D:7 1 runed door
D:8 Psyche


Innate Abilities, Weirdness & Mutations

You have hooves in place of feet.
Armour fits poorly on your strangely shaped body.
You cover ground very quickly.
You have extremely tough skin. (AC +3)


Message History

You are poisoned.
The orc warrior hits you with a battleaxe of chopping!
You feel sick.
Psyche points at you and mumbles some strange words.
The puff of frost hits you!
You feel sick.
You feel sick.
Psyche casts a spell.
Psyche seems to speed up.
There is a stone staircase leading up here.
You feel sick. Psyche hits you but does no damage.
You are more poisoned.
Psyche hits you but does no damage.
You climb upwards.
You feel sick.
There is a stone staircase leading down here.
You barely miss Psyche.
You feel sick.
Psyche zaps a wand.
The bolt of acid hits you!
* * * LOW HITPOINT WARNING * * *
The acid corrodes you!
You are splashed with acid!
The acid burns!
You die...

##P≈♣≈♣P♣♣≈≈≈.........## ##......
#..≈≈≈♣≈≈≈≈###.......# #.......
##.P♣≈♣≈≈PP# #######.####.......
#.P≈≈≈≈≈P## #..##........
#.≈P≈≈≈P≈######## ##.#.....<...
##PPP≈P≈P#......####.##........
##P.PP≈...........#.##........
#######.....@....#.###.......
#......@......# #.......
##.............####...... ##
#...............####..... .####
#.................##..... ....###
#................#.......
##....###................###...##
####....................# ###<..
##...................## ####
#.....................# #


You could see Psyche.

Vanquished Creatures
  A wyvern (D:8)
  A water moccasin (D:7)
  2 orc warriors
  A sky beast (D:8)
  2 black bears
  A phantom (D:5)
  An ogre (D:5)
  A centaur (D:8)
  A big kobold (D:7)
  Blork the orc (D:5)
  5 bullfrogs
  A gnoll sergeant (D:6)
  A water moccasin zombie (D:6)
  A water moccasin skeleton (D:7)
  A scorpion (D:8)
  An electric eel (D:8)
  2 howler monkeys
  A crimson imp (D:5)
  3 hounds
  2 orc priests (D:8)
  A centaur skeleton (D:8)
  3 jellies
  5 orc wizards
  Jessica (D:2)
  2 iguanas
  Terence (D:3)
  5 worker ants
  A hound skeleton (D:5)
  A worker ant zombie (D:5)
  5 gnolls (D:6)
  6 adders
  A shadow imp (D:5)
  An adder zombie (D:5)
  7 worms
  3 leopard geckos
  23 orcs
  3 ball pythons
  12 giant cockroaches
  6 goblins
  7 hobgoblins
  10 jackals
  11 kobolds
  3 quokkas
  10 bats
  9 frilled lizards
  A leopard gecko skeleton (D:6)
  2 quokka skeletons
  5 rats
175 creatures vanquished.

Vanquished Creatures (others)
  An orc warrior (D:5)
1 creature vanquished.

Grand Total: 176 creatures vanquished

Notes
Turn   | Place    | Note
-------+----------+-------------------------------------------
     0 | Abyss:1  | Gargoyl the Centaur Abyssal Knight began the quest for the
                  | Orb.
     0 | Abyss:1  | Reached XP level 1. HP: 19/19 MP: 2/2
     5 | Abyss:1  | Found a corrupted altar of Lugonu.
    71 | Abyss:2  | Noticed a guardian serpent
   102 | Abyss:2  | Noticed an ancient zyme
   109 | Abyss:2  | Noticed a starcursed mass
   110 | Abyss:2  | Noticed a starcursed mass
   111 | D:1      | Escaped the Abyss
   447 | D:1      | Reached * piety under Lugonu
   691 | D:1      | Reached XP level 2. HP: 26/26 MP: 3/3
   816 | D:1      | You fall through a shaft!
  1140 | D:2      | Reached XP level 3. HP: 30/31 MP: 4/4
  1733 | D:2      | Noticed Jessica
  1752 | D:2      | Killed Jessica
  1752 | D:2      | Reached XP level 4. HP: 29/38 MP: 4/6
  2037 | D:2      | Reached ** piety under Lugonu
  2110 | D:3      | Found an ancient bone altar of Kikubaaqudgha.
  2128 | D:3      | Noticed Terence
  2139 | D:3      | Killed Terence
  2253 | D:3      | Reached XP level 5. HP: 44/46 MP: 7/7
  2304 | D:3      | Found a sparkling altar of Nemelex Xobeh.
  2408 | D:3      | Found a snail-covered altar of Cheibriados.
  2570 | D:3      | Found a burning altar of Makhleb.
  2570 | D:3      | Noticed a blizzard demon
  2698 | D:3      | Found an opulent altar of Gozag.
  3177 | D:3      | Found a deep blue altar of Sif Muna.
  3179 | D:3      | Found a radiant altar of Vehumet.
  3183 | D:3      | Identified Sif Muna's Tome of the Traveller
  3291 | D:4      | Reached *** piety under Lugonu
  3422 | D:4      | Reached XP level 6. HP: 52/52 MP: 8/8
  3448 | D:4      | Found Wivuhyng's General Store.
  3588 | D:4      | Found Puohol's Antique Weapon Shop.
  3835 | D:5      | Entered Level 5 of the Dungeon
  4113 | D:5      | Found a stormy altar of Qazlal.
  4132 | D:6      | Noticed an orc warrior
  4522 | D:5      | Banished an orc warrior
  4522 | D:5      | Reached XP level 7. HP: 11/59 MP: 6/9
  5379 | D:5      | Noticed Blork the orc
  5394 | D:5      | Killed Blork the orc
  5946 | D:6      | Found Ofacvusa's Weapon Boutique.
  5954 | D:6      | Bought a +0 broad axe for 56 gold pieces
  6026 | D:6      | Reached skill level 5 in Invocations
  6026 | D:6      | Reached XP level 8. HP: 42/67 MP: 11/11
  6546 | D:7      | Reached skill level 5 in Axes
  6669 | D:7      | Found a staircase to the Ecumenical Temple.
  6680 | D:7      | Reached skill level 5 in Armour
  6709 | D:7      | Found a runed door.
  6709 | D:7      | Noticed a sixfirhy
  7338 | D:8      | Reached **** piety under Lugonu
  7339 | D:8      | Reached skill level 5 in Fighting
  7485 | D:8      | Reached XP level 9. HP: 27/74 MP: 13/13
  8585 | D:8      | Found Rothaiv's Food Boutique.
  9000 | D:9      | Noticed Psyche
  9022 | D:8      | Splashed by Psyche's acid

Skill      XL: |  1  2  3  4  5  6  7  8  9 |
---------------+----------------------------+-----
Axes           | 2 3 4 6 |  6.9
Armour         | 2 3 4 5 6 |  6.0
Invocations    | 3 5 6 |  6.5
Fighting       | 4 5 |  5.6
Dodging        | |  0.9
Evocations     | |  0.1

Action                   |  1- 3 |  4- 6 |  7- 9 || total
-------------------------+-------+-------+-------++-------
Melee: Hand axe          |   140 |   264 |   109 ||   513
       Kick              |    25 |    59 |    71 ||   155
       Broad axe         |       |       |   206 ||   206
Invok: Depart the Abyss  |     1 |       |       ||     1
       Banish            |       |     1 |     1 ||     2
Evoke: Wand              |       |       |     3 ||     3
  Use: Scroll            |     5 |     6 |     5 ||    16
  Eat: Chunk             |     2 |     8 |     9 ||    19
       Ration            |       |       |     1 ||     1
Armor: Plate armour      |   204 |   275 |   393 ||   872
       Leather armour    |     1 |       |       ||     1
Dodge: Dodged            |    16 |    30 |    72 ||   118
